← All builds
Tech / Armada / Economy first / OBSERVED BUILD

Sharpshooter snipers

Armada Tech (Eco) build order · Supreme Isthmus

Standard T2 rush into an early Sharpshooter-led sniper bot push around 8:10-8:38, pairing T2 constructor support for Geo with sniper bots fighting at the middle rather than just economy scaling.

Usually first T2 con to Geo (81%)

#t2 #raid · 99 distinct matches · 51 players · 3% of Armada Tech games · team won 27% of 100 · Recently observed

THE CATCH, AND WHAT COMES WITH IT
  • SharpshooterT2 bot snipers from 8:11 · 6% of role by thenFrom the Advanced Bot Lab. Only 6% of Tech games have it by then; others who build it get it around 9:07

Where those units first fight, in 98 games with kill data: in the middle 55%, on their own side 45%.

Those units destroy a typical 1,393 metal of enemy units by 15:00.

Then transitions into anti-nuke (13% of army).

HOW TO PLAY IT

Key timing: Sharpshooter out by 9:04

  1. Open standard T2 rush with Bot Lab first.
  2. Finish Advanced Bot Lab on the normal T2 timing.
  3. Upgrade mex as usual while eco scales.
  4. Push Sharpshooter snipers from Advanced Bot Lab to fight forward in middle.
  5. Keep producing T2 cons and anti-nuke for the team.

Phase by phase

TYPICAL OF ITS 99 GAMES · AGAINST STANDARD TECH
  1. 1
  2. 2
  3. 3
  4. 4
  5. 5
PLAY THE OPENING

Follow the example game's first 9:11 step by step: what to build now, what comes next, and where it goes. At 1× it keeps pace with your own game.

  1. 1

    Up to the Bot Lab

    Economy
    • Metal Extractor3Mex
    • Wind Turbine4Wind
    Order
    1. Bot LabBot Lab after 3 mex, 4 winddone ~1:17, middle half 1:13–1:38

    Some games also: energy storage (37%)

    By 1:00 in all: 3 mex · 4 wind

    The example game in this phase · 6 steps
    1. Mex ×2
    2. Wind
    3. Mex
    4. Wind ×3
    5. Energy storage
    6. Bot LabBot Labdone 1:31 · typical 1:17
  2. 2

    Bot Lab to Advanced Bot Lab

    Economy
    • Metal Extractor1Mex
    • Wind Turbine9Wind
    • Energy Storage1Energy storage
    Order
    1. Advanced Bot LabAdvanced Bot Lab after 4 mex, 13 wind, 3 con turretdone ~4:18, middle half 4:08–4:33
    Builders
    • Construction Turret3 Con turret
    • Lazarus3 Lazarus
    • Construction Bot2 Con bot
    • Construction Bot1 Con bot for allies

    Some games also: converter (43%)

    By 3:22 in all: 4 mex · 13 wind · 1 energy storage · 3 con turret

    The example game in this phase · 16 steps
    1. Wind
    2. LazarusLazarus
    3. Wind ×2
    4. LazarusLazarus
    5. Construction BotCon bot
    6. LazarusLazarus
    7. Con turret
    8. Wind
    9. Construction BotCon botfor Air
    10. Mex
    11. Wind ×2
    12. LazarusLazarus
    13. Wind
    14. Converter ×5
    15. Con turret
    16. Advanced Bot LabAdvanced Bot Labdone 4:42 · typical 4:18
  3. 3

    Advanced Bot Lab to 5:00

    Economy
    • Wind Turbine1Wind−2 vs standard
    Order
    1. Bot LabEat Bot Lab
    Builders
    • Advanced Construction Bot1 T2 con bot for allies

    Some games also: converter (43%)

    By 5:00 in all: 4 mex · 15 wind · 2 converter · 1 energy storage · 3 con turret

    The example game in this phase · 2 steps
    1. Bot LabEat Bot Labreclaimed for its metal
    2. Advanced Construction BotT2 con botfor Geo
  4. 4

    5:00 to T2 bot snipers

    Economy
    • Wind Turbine16Wind+5 vs standard
    • Energy Converter1Converter
    Order
    1. SharpshooterT2 bot snipers after 4 mex, 32 wind, 5 converterdone ~8:39, middle half 7:41–9:48
    Builders
    • Butler4 Butler
    • Advanced Construction Bot3 T2 con bot for allies

    Some games also: T2 con bot (36%)

    By 8:10 in all: 4 mex · 32 wind · 5 converter (standard 3) · 1 energy storage · 3 con turret

    The example game in this phase · 20 steps
    1. Advanced Metal ExtractorT2 mexdone 5:31 · typical 5:17
    2. Advanced Construction BotT2 con botfor Geo sea
    3. ButlerButler
    4. Converter
    5. Advanced Metal ExtractorT2 mex
    6. Converter
    7. Wind
    8. ButlerButler
    9. Converter
    10. ButlerButler
    11. Advanced Metal ExtractorT2 mex
    12. Wind
    13. ButlerButler
    14. SharpshooterSniper botfor Ponddone 7:21 · typical 8:39
    15. Wind
    16. Advanced Metal ExtractorT2 mex
    17. Wind ×5
    18. ButlerButler
    19. Wind ×2
    20. SharpshooterSniper botdone 8:09
  5. 5

    T2 bot snipers to 10:00

    Economy
    • Wind Turbine19Wind−11 vs standard
    Army
    • Sharpshooter1 Sniper bot

    Some games also: converter (48%) · Butler (45%) · T2 con bot for allies (42%)

    The standard build makes here, this one skips: 4 converter · 5 Butler

    By 10:00 in all: 4 mex · 54 wind · 8 converter · 1 energy storage · 3 con turret

    The example game in this phase · 107 steps
    1. Wind ×6
    2. SharpshooterSniper bot
    3. Wind ×11
    4. ArchangelArchangelnot finished by 15:00
    5. SharpshooterSniper botfor Geo
    6. Wind ×5
    7. SharpshooterSniper bot
    8. Wind ×12
    9. ButlerButler
    10. Wind
    11. ButlerButler
    12. Wind
    13. ButlerButler
    14. Wind
    15. ButlerButler
    16. Wind
    17. ButlerButler
    18. Wind
    19. ButlerButler
    20. Wind
    21. ButlerButler
    22. Wind
    23. ButlerButler
    24. Wind
    25. ButlerButler
    26. Wind
    27. WelderWelder ×2for Front
    28. Wind
    29. WelderWelderfor Front
    30. Wind ×2
    31. WelderWelderfor Front
    32. Wind
    33. WelderWelder ×3for Front
    34. ButlerButler ×2
    35. Wind
    36. ButlerButler ×2
    37. SmugglerJammer botfor Front
    38. CompassRadar botfor Front
    39. HoundHound ×2for Front
    40. Wind
    41. HoundHound ×4
    42. Advanced Construction BotT2 con botfor Beach sea
    43. HoundHound
    44. Wind
    45. HoundHound
    46. HoundHound ×4for Front
    47. Wind
    48. HoundHound
    49. Advanced Construction BotT2 con botfor Pond
    50. HoundHoundfor Front
    51. Converter
    52. HoundHound ×2for Front
    53. Wind
    54. Converter
    55. HoundHoundfor Front
    56. Converter
    57. HoundHoundfor Front
    58. OverwatchOverwatch
    59. Converter
    60. HoundHoundfor Front
    61. Converter
    62. HoundHoundfor Front
    63. Converter
    64. Wind
    65. HoundHoundfor Front
    66. Converter
    67. HoundHoundfor Front
    68. Converter
    69. HoundHoundfor Front
    70. Converter
    71. HoundHound ×2for Front
    72. Converter
    73. Wind
    74. HoundHoundfor Front
    75. Converter
    76. HoundHoundfor Front
    77. Converter
    78. HoundHoundfor Front
    79. Converter
    80. OverwatchOverwatch
    81. HoundHoundfor Front
    82. Converter
    83. HoundHound
    84. Wind
    85. Converter
    86. HoundHound
    87. Converter
    88. HoundHound
    89. Converter
    90. HoundHound
    91. Wind
    92. Converter
    93. HoundHound
    94. Converter
    95. Wind ×2
    96. HoundHound
    97. Converter
    98. Wind
    99. HoundHound
    100. Converter
    101. HoundHound
    102. Wind
    103. Converter
    104. HoundHound
    105. Converter
    106. Wind ×2
    107. HoundHound

Counts are medians over the build's games: half of them build more, half fewer. The example game is El_Turco's (39 OS, 11/10/2026); pick another.

Team trades

IN AT LEAST 30% OF ITS GAMES

You hand over

  • Construction Bot1 Con bot to Airfirst at 2:24 · in 89% of games
  • Advanced Construction Bot5 T2 con bot to Geo sea or Air or Pondfirst at 4:59 · in 100% of games
  • Butler2 Butler to Geo sea or Beach seafirst at 10:30 · in 36% of games

You get

  • Hercules2 Light transport from Airfirst at 4:04 · in 88% of games

How it plays out

Typical game of this build against the role’s standard build, running totals by minute

  • This build
  • Standard tech

Metal produced

020k40k
0:005:0010:0015:00

metal

Enemy metal destroyed

01k2k3k
0:005:0010:0015:00

metal

Own metal lost

05001k
0:005:0010:0015:00

metal

100 games.

Show as table
ByMetal produced: This buildMetal produced: Standard techEnemy metal destroyed: This buildEnemy metal destroyed: Standard techOwn metal lost: This buildOwn metal lost: Standard tech
1:003833830000
2:009139150000
3:00160416520000
4:00309831440000
5:00487048480000
6:00595658020000
7:00752072270000
8:00930690630000
9:0011455111770000
10:001380213509179000
11:0016263162476490690
12:001900819673101401300
13:002228123454151203280
14:0026270273621782068073
15:003009231555248185910130
WHAT THE NUMBERS SAY

Won far less often than the standard build, losing a lot more metal for only a modest gain in enemy metal destroyed.

  • + Enemy metal destroyed by 15:00 well above standard (2598 vs 262).
  • − Team win rate collapses to 21% vs standard's 53%.
  • − Own metal lost by 15:00 far exceeds standard (1360 vs 196).
THE EXAMPLE YOU ARE READING

El_Turco

38.6 OS · 11/10/2026

Open source match ↗

31 received units · includes a constructor
5336 metal received · 303434 energy received

Allied construction assistance is unknown. Timings are observations, not a promise of solo reproducibility.

Typical milestones

Bot Lab1:17Middle 50%: 1:13–1:38 · n=100
Advanced Bot Lab4:18Middle 50%: 4:08–4:33 · n=100
Advanced Metal Extractor5:17Middle 50%: 4:57–5:41 · n=100
Sharpshooter8:39Middle 50%: 7:41–9:48 · n=100

Played most by

Amrissa15games of this buildDRM6games of this buildTheGeneraI5games of this buildenderOS14games of this buildKontraption4games of this build